 Dungeon Crawl Stone Soup version 0.23-a0-582-g1b4a0ca2fb (webtiles) character file.

33 Armakuni the Skirmisher (level 3, 0/29 HPs)
             Began as a Human Wanderer on Dec 16, 2018.
             Succumbed to an adder's poison
             ... on level 2 of the Dungeon.
             The game lasted 00:04:05 (881 turns).

Armakuni the Skirmisher (Human Wanderer)             Turns: 881, Time: 00:04:06

Health: 0/29       AC:  2    Str: 13    XL:     3   Next: 47%
Magic:  7/7        EV: 11    Int: 14    God:
Gold:   75         SH:  0    Dex: 10    Spells: 8/8 levels left

rFire    . . .     SeeInvis .   c - +0 spear
rCold    . . .     Gourm    .   (no shield)
rNeg     . . .     Faith    .   d - +0 robe
rPois    .         Spirit   .   (no helmet)
rElec    .         Reflect  .   (no cloak)
rCorr    .         Harm     .   (no gloves)
MR       .....                  (no boots)
Stlth    +.........             (no amulet)
HPRegen  0.09/turn              (no ring)
MPRegen  0.10/turn              (no ring)

@: lethally poisoned (0 -> -9)
A: no striking features
a: no special abilities


You were on level 2 of the Dungeon.
You were not hungry.

You visited 1 branch of the dungeon, and saw 2 of its levels.

You collected 75 gold pieces.

Inventory:

Hand Weapons
 c - a +0 spear (weapon)
Missiles
 a - 7 tomahawks (quivered)
Armour
 d - a +0 robe (worn)
Scrolls
 b - a scroll of remove curse
Potions
 g - a potion of cancellation
Comestibles
 f - a ration


   Skills:
 + Level 3.6 Fighting
 - Level 1.0 Armour
 - Level 3.0 Spellcasting
   Level 2.0 Earth Magic
   Level 2.0 Evocations


You had 8 spell levels left.
You didn't know any spells.
Your spell library contained the following spells:

 Spells                   Type           Power        Failure   Level  Hunger
 Sandblast                Erth           #.....       10%         1    #......
 Magic Dart               Conj           #...         22%         1    #......
 Blink                    Tloc           N/A          32%         2    ##.....
 Call Imp                 Summ           #.......     32%         2    ##.....
 Slow                     Hex            #.......     32%         2    ##.....
 Stone Arrow              Conj/Erth      #.....       38%         3    ###....
 Conjure Flame            Conj/Fire      #.......     54%         3    ###....
 Mephitic Cloud           Conj/Pois/Air  #.......     54%         3    ###....


Dungeon Overview and Level Annotations

Branches:
Dungeon (2/15)

Altars:
Cheibriados

Annotations:
D:2 Robin


Message History

You feel sick. The adder barely misses you. The adder bites you.
* * * LOW HITPOINT WARNING * * *
Unknown command.
You hit the adder.
The adder is almost dead.
* * * LOW HITPOINT WARNING * * *
You feel sick. The adder bites you.
* * * LOW HITPOINT WARNING * * *
You are more poisoned.
The adder poisons you!
You miss the adder.
The adder is almost dead.
* * * LOW HITPOINT WARNING * * *
You feel sick. The adder barely misses you.
You hit the adder.
You kill the adder!
* * * LOW HITPOINT WARNING * * *
You feel sick.
Unknown command.
You die...

#.# #.# # ..#
###.#######.###
###
#..............
#.#.###..#####
#.#.# #..# #
#.# #..# #.#
##.# #.# #.#
#.# #@# .. #.#
#.+ #.# #.# #..
... ###


There were no monsters in sight!

Vanquished Creatures
  An adder (D:2)
  2 dart slugs (D:1)
  A leopard gecko (D:1)
  2 bats (D:1)
  A giant cockroach (D:1)
  A goblin (D:1)
  6 hobgoblins
  A kobold (D:1)
  3 rats
18 creatures vanquished.

Notes
Turn   | Place    | Note
-------+----------+-------------------------------------------
     0 | D:1      | Armakuni the Human Wanderer began the quest for the Orb.
     0 | D:1      | Armakuni set off with the following items: a +0 spear, a +0
                  | robe, a ration; and the following spells available to
                  | memorise: Sandblast, Magic Dart, Blink, Call Imp, Slow,
                  | Stone Arrow, Conjure Flame, Mephitic Cloud
     0 | D:1      | Reached XP level 1. HP: 16/16 MP: 4/4
   175 | D:1      | Reached XP level 2. HP: 23/23 MP: 6/6
   509 | D:1      | Reached XP level 3. HP: 24/29 MP: 7/7
   771 | D:2      | Noticed Robin
   823 | D:2      | Found a snail-covered altar of Cheibriados.
   879 | D:2      | HP: 1/29 [poisoned by an adder]
   881 | D:2      | Succumbed to an adder's poison

Vault maps used:
D:1:      lightli_arrival_windingriver
D:2:      lemuel_crystal_altar, first_ration, minivault_25,
          minmay_indecisive_spiral, uniq_robin

Skill      XL: |  1  2 |
---------------+-------+-----
Fighting       | 3 |  3.6
Armour         | |  1.0
Spellcasting   | |  3.0
Earth Magic    | |  2.0
Evocations     | |  2.0

Action                   || total
-------------------------++-------
Melee: Spear             ||    80
  Use: Scroll            ||     2
 Stab: Sleeping          ||     1
Armor: Robe              ||    14
Dodge: Dodged            ||    39

Table legend:
 A = Non-vault XP
 B = Vault XP
 C = Vault XP percentage of total XP
 D = Non-vault monster count
 E = Vault monster count
 F = Vault count percentage of total count
                 A         B        C        D         E       F
            +---------+---------+-------+---------+---------+-------
      Total |      46 |       2 |   4.2 |      17 |       1 |   5.6
            +---------+---------+-------+---------+---------+-------
        D:1 |      31 |       0 |   0.0 |      15 |       0 |   0.0
        D:2 |      15 |       2 |  11.8 |       2 |       1 |  33.3
            +---------+---------+-------+---------+---------+-------
